 Dungeon Crawl Stone Soup version 0.28-a0-845-gfc338a8e3c (webtiles) character file.

Game seed: 13637173527339488008

2361 Woods the Insei (level 9, -26/68 HPs)
             Began as a Gnoll Transmuter on Nov 13, 2021.
             Was a Priest of Jiyva.
             Hit by a large rock thrown by a cyclops (44 damage)
             ... on level 7 of the Dungeon.
             The game lasted 00:13:00 (8965 turns).

Woods the Insei (Gnoll Transmuter)                  Turns: 8965, Time: 00:13:01

Health: -26/68     AC:  2    Str:  9    XL:     9   Next: 44%
Magic:  25/26      EV: 24    Int: 16    God:    Jiyva [***...]
Gold:   333        SH:  5    Dex: 18    Spells: 11/21 levels left

rFire   . . .      SeeInvis .     - Unarmed
rCold   . . .      Faith    .   (shield currently unavailable)
rNeg    . . .      Spirit   .   (armour currently unavailable)
rPois   x          Reflect  +   (helmet currently unavailable)
rElec   .          Harm     .   (cloak currently unavailable)
rCorr   +          Rampage  .   (gloves currently unavailable)
Will    .....                   (boots currently unavailable)
Stlth   +++.......              y - amulet of reflection
HPRegen 0.21/turn               h - ring of magical power
MPRegen 0.20/turn               (no ring)

@: spider-form
A: venomous fangs, tiny, (fangs 1), strong nose, distributed training, low mp 1
a: End Transformation, Renounce Religion, Request Jelly


You were on level 7 of the Dungeon.
You worshipped Jiyva.
Jiyva was most pleased with you.
You were a venomous arachnid creature.
You visited 2 branches of the dungeon, and saw 8 of its levels.
You also visited: Sewer.

You collected 333 gold pieces.

Inventory:

Missiles
 z - a throwing net
Armour
 a - a +0 robe (melded)
 r - a scarf of repulsion (melded)
 A - a +0 pair of boots (melded)
Jewellery
 h - a ring of magical power (left front leg)
 v - an amulet of the acrobat
 y - an amulet of reflection (around neck)
Scrolls
 c - 3 scrolls of identify
 i - a scroll of fog {unknown}
 j - a scroll of enchant weapon {unknown}
 k - a scroll of summoning {unknown}
 u - a scroll of blinking {unknown}
 w - a scroll of holy word {unknown}
 x - a scroll of immolation {unknown}
 B - a scroll of amnesia {unknown}
Potions
 b - a potion of berserk rage {unknown}
 d - a potion of heal wounds
 e - a potion of haste {unknown}
 g - a potion of lignification {unknown}
 l - 4 potions of flight
 m - a potion of experience {unknown}
 n - 2 potions of might
 o - a potion of cancellation {unknown}
 p - 2 potions of magic {unknown}
 q - 2 potions of mutation {unknown}
 s - a potion of attraction {unknown}
 t - 3 potions of curing


   Skills:
 + Level 5.0 Fighting
 + Level 4.2 Short Blades
 + Level 4.2 Long Blades
 + Level 4.2 Axes
 + Level 4.2 Maces & Flails
 + Level 4.2 Polearms
 + Level 4.2 Staves
 + Level 4.2 Slings
 + Level 4.2 Bows
 + Level 4.2 Crossbows
 + Level 4.2 Throwing
 + Level 4.2 Armour
 + Level 6.3 Dodging
 + Level 4.2 Stealth
 + Level 4.2 Shields
 + Level 7.9 Unarmed Combat
 + Level 6.6 Spellcasting
 + Level 3.5 Conjurations
 + Level 3.5 Hexes
 + Level 3.5 Summonings
 + Level 3.5 Necromancy
 + Level 3.5 Translocations
 + Level 5.2 Transmutations
 + Level 3.5 Fire Magic
 + Level 3.5 Ice Magic
 + Level 3.5 Air Magic
 + Level 3.5 Earth Magic
 + Level 3.5 Poison Magic
 + Level 4.7 Invocations
 + Level 4.2 Evocations


You had 11 spell levels left.
You knew the following spells:

 Your Spells              Type           Power      Damage    Failure   Level
a - Beastly Appendage     Tmut           44%        N/A       7%          1
b - Wereblood             Tmut           22%        N/A       9%          2
c - Spider Form           Tmut/Pois      19%        N/A       17%         3
d - Ice Form              Ice/Tmut       19%        N/A       43%         4

Your spell library contained the following spells:

 Spells                   Type           Power      Damage    Failure   Level
 Shock                    Conj/Air       64%        1d7       11%         1
 Summon Small Mammal      Summ           64%        N/A       11%         1
 Corpse Rot               Necr/Air       32%        N/A       14%         2
 Poisonous Vapours        Pois/Air       32%        N/A       14%         2
 Ignite Poison            Fire/Tmut/Pois 18%        N/A       19%         3
 Mephitic Cloud           Conj/Pois/Air  16%        N/A       22%         3
 Swiftness                Air            16%        N/A       22%         3
 Airstrike                Air            8%         N/A       52%         4
 Freezing Cloud           Conj/Ice/Air   8%         6-21      82%         5


Dungeon Overview and Level Annotations

Branches:
Dungeon (7/15)             Temple (1/1) D:4           Sewer (visited)

Altars:
Ashenzari
Elyvilon
Gozag
Kikubaaqudgha
Okawaru
Qazlal
Sif Muna
Trog
Uskayaw
Vehumet
Wu Jian
Xom
Zin
The Shining One
Jiyva

Shops:
D:4 *

Annotations:
D:3 3 runed translucent doors, ASSMAN's ghost, amateur HOMo


Innate Abilities, Weirdness & Mutations

You are a venomous arachnid creature.
You have poisonous fangs.
You are tiny and dextrous.
Your spellcasting is less reliable in this form.
Your armour is entirely melded.
You are incapable of wielding weapons or throwing items.
((You have very sharp teeth.))
Your uncanny sense of smell can sniff out nearby items.
Your experience applies equally to all skills.
Your magical capacity is low. (-10% MP)


Message History

The wyvern completely misses you.
You hit the wyvern but do no damage.
The wyvern is almost dead.
You kill the wyvern!
You hear a distant slurping noise.
Jiyva appreciates your sacrifice. x2
Your Fighting skill increases to level 5!
You hit the bullfrog.
The bullfrog is severely wounded.
The bullfrog closely misses you.
The bullfrog hits you but does no damage.
You hit the bullfrog.
The bullfrog is poisoned.
The bullfrog is severely wounded.
You block the bullfrog's attack.
You hear a distant slurping noise.
Jiyva appreciates your sacrifice. x3
You bite the bullfrog!
The bullfrog is almost dead.
You kill the bullfrog!
The white imp gestures at you. The puff of frost hits you!
* * * LOW HITPOINT WARNING * * *
Unknown command.
You hear a distant slurping noise.
Jiyva appreciates your sacrifice.
You hear a squelching noise.
Really crawl into that dispersal trap?
You enter a dispersal trap!
You blink.
The white imp closely misses you.
The cyclops shouts!
You bite the white imp!
The white imp is almost dead.
The white imp misses you.
You hear a distant slurping noise.
Jiyva appreciates your sacrifice.
You bite the white imp!
You kill the white imp!
The cyclops throws a large rock.
The large rock hits you!!!
Ouch! That really hurt!
You die...

..##.......## ..
###.C#.#..#
)..##.....###. #.#
C###l.#..## ....###.###
∆.##.##. ###o### C)..#
.. # #.....# # ## )#..#
#.##.....##.# .#..#
............. .#..#
#.....##.# .#..# ∆
#.....#..#
.#..########..##s##..#
.#.........## #.#..##
.#....#.....## .... .
........#....###†###.[.
######..##.............
#.>###....^......# ####
#############


You could see a cyclops.

Vanquished Creatures
  A wyvern (D:7)
  A vampire mosquito (D:7)
  2 water moccasins (D:7)
  A sky beast (D:5)
  3 necrophages
  An ice beast (D:6)
  An ogre (D:6)
  A bullfrog (D:7)
  A scorpion (D:4)
  A wyvern zombie (D:6)
  A gnoll sergeant (D:7)
  3 water moccasin zombies
  2 water moccasin skeletons
  A wight (D:6)
  A bullfrog zombie (D:6)
  2 centaur zombies
  A human zombie (D:6)
  5 hounds
  A bullfrog skeleton (D:5)
  An orc priest (D:7)
  An iguana (D:5)
  Jessica (D:3)
  Natasha (thrice) (D:3)
  An orc wizard (D:6)
  6 mummies (D:6)
  Robin (D:4)
  6 adders
  5 gnolls
  2 white imps
  An adder skeleton (D:4)
  6 worms
  3 dart slugs
  15 orcs
  14 bats
  12 endoplasms
  4 giant cockroaches
  18 goblins
  9 hobgoblins
  10 jackals
  6 quokkas
  5 ball pythons
  5 frilled lizards
  5 kobolds
  7 rats
177 creatures vanquished.

Vanquished Creatures (others)
  A water moccasin (D:6)
  A phantom (D:5)
  A water moccasin skeleton (D:5)
  A howler monkey (D:5)
  A bullfrog zombie (D:6)
  A bullfrog skeleton (D:6)
  A hound (D:6)
  An orc priest (D:6)
  11 jellies
  A centaur skeleton (D:7)
  A hound zombie (D:5)
  A hound skeleton (D:5)
  2 gnolls (D:6)
  A howler monkey skeleton (D:7)
  3 adders
  An ufetubus (D:6)
  5 orcs (D:7)
34 creatures vanquished.

Grand Total: 211 creatures vanquished

Notes
Turn   | Place    | Note
-------+----------+-------------------------------------------
     0 | D:1      | Woods the Gnoll Transmuter began the quest for the Orb.
     0 | D:1      | Reached XP level 1. HP: 17/17 MP: 6/6
   188 | D:1      | Reached XP level 2. HP: 23/23 MP: 5/7
   218 | D:1      | Learned a level 2 spell: Wereblood
   331 | D:1      | Found a faded altar of an unknown god.
   341 | D:1      | Got Plato's Reference Book on Summoning
   423 | D:1      | Reached XP level 3. HP: 21/27 MP: 7/9
   424 | D:1      | Reached skill level 5 in Spellcasting
   935 | D:2      | Reached skill level 1 in Invocations
  1364 | D:2      | Reached skill level 1 in Short Blades
  1364 | D:2      | Reached skill level 1 in Long Blades
  1364 | D:2      | Reached skill level 1 in Axes
  1364 | D:2      | Reached skill level 1 in Maces & Flails
  1364 | D:2      | Reached skill level 1 in Polearms
  1364 | D:2      | Reached skill level 1 in Staves
  1364 | D:2      | Reached skill level 1 in Slings
  1364 | D:2      | Reached skill level 1 in Bows
  1364 | D:2      | Reached skill level 1 in Crossbows
  1364 | D:2      | Reached skill level 1 in Throwing
  1364 | D:2      | Reached skill level 1 in Armour
  1364 | D:2      | Reached skill level 1 in Stealth
  1364 | D:2      | Reached skill level 1 in Shields
  1364 | D:2      | Reached skill level 1 in Evocations
  1811 | D:2      | Reached XP level 4. HP: 34/34 MP: 9/11
  1954 | D:3      | Found a runed translucent gate.
  1954 | D:3      | Found a runed translucent gate.
  1954 | D:3      | Found a runed translucent gate.
  1962 | D:3      | Noticed ASSMAN's ghost (amateur HOMo)
  2066 | D:3      | Noticed Natasha
  2077 | D:3      | Killed Natasha
  2078 | D:3      | Reached skill level 1 in Conjurations
  2078 | D:3      | Reached skill level 1 in Hexes
  2078 | D:3      | Reached skill level 1 in Summonings
  2078 | D:3      | Reached skill level 1 in Necromancy
  2078 | D:3      | Reached skill level 1 in Translocations
  2078 | D:3      | Reached skill level 1 in Fire Magic
  2078 | D:3      | Reached skill level 1 in Ice Magic
  2078 | D:3      | Reached skill level 1 in Air Magic
  2078 | D:3      | Reached skill level 1 in Earth Magic
  2078 | D:3      | Reached skill level 1 in Poison Magic
  2082 | D:3      | Learned a level 3 spell: Spider Form
  2123 | D:3      | Noticed a necrophage
  2245 | D:3      | Found a glowing drain.
  2261 | Sewer    | Entered a sewer
  2631 | Sewer    | Reached XP level 5. HP: 40/40 MP: 9/12
  3449 | D:3      | Noticed Natasha
  3456 | D:3      | Killed Natasha
  3773 | D:3      | Noticed a necrophage
  3780 | D:3      | Killed a necrophage
  3781 | D:3      | Reached XP level 6. HP: 45/47 MP: 11/14
  3786 | D:3      | Killed a necrophage
  3787 | D:3      | Reached skill level 5 in Dodging
  3818 | D:3      | Noticed Jessica
  3825 | D:3      | Killed Jessica
  3876 | D:3      | Noticed Natasha
  3882 | D:3      | Killed Natasha
  4282 | D:4      | Noticed Robin
  4306 | D:4      | Killed Robin
  4307 | D:4      | Reached XP level 7. HP: 21/52 MP: 3/15
  4584 | D:4      | Reached skill level 7 in Unarmed Combat
  4775 | D:4      | Found a staircase to the Ecumenical Temple.
  4787 | D:4      | Found the +9 heavy crossbow "Sniper" {vorpal, Acc+∞ SInv}
  4819 | Temple   | Entered the Ecumenical Temple
  4921 | Temple   | Became a worshipper of Jiyva Jayph the Shapeless
  5024 | D:4      | Found Osuduo's Assorted Antiques.
  5213 | D:4      | Reached * piety under Jiyva
  5375 | D:5      | Entered Level 5 of the Dungeon
  5543 | D:5      | Reached ** piety under Jiyva
  5575 | D:5      | Reached XP level 8. HP: 44/60 MP: 16/16
  5821 | D:5      | HP: 3/60 [water moccasin skeleton (4)]
  6857 | D:6      | You fall into a shaft and drop 1 floor!
  6883 | D:7      | Noticed a shadow
  6893 | D:7      | Noticed a boulder beetle
  6903 | D:7      | Noticed a cyclops
  6903 | D:7      | Noticed a boulder beetle
  6903 | D:7      | Noticed a wyvern
  6906 | D:7      | Noticed a cyclops
  6906 | D:7      | HP: 2/61 [white imp/puff of frost (11)]
  6913 | D:7      | Noticed a wyvern
  7246 | D:6      | Reached *** piety under Jiyva
  7297 | D:6      | Reached skill level 5 in Transmutations
  7297 | D:6      | Reached XP level 9. HP: 59/66 MP: 18/18
  7767 | D:6      | Found an ancient bone altar of Kikubaaqudgha.
  8336 | D:6      | Found a glowing silver altar of Zin.
  8431 | D:7      | Identified the +0 chain mail of Perfidy {rElec Int+2
                  | Stlth+}
  8488 | D:7      | Found a shimmering blue altar of Sif Muna.
  8494 | D:7      | Learned a level 4 spell: Ice Form
  8553 | D:7      | Gained mutation: Your magical capacity is low. (-10% MP)
                  | [Jiyva's grace]
  8909 | D:7      | Identified the +6 dagger of Responsibility {pain, rN+
                  | Str+2}
  8909 | D:7      | Identified the +6 scale mail of Terror {Int+4}
  8958 | D:7      | Reached skill level 5 in Fighting
  8965 | D:7      | Hit by a large rock thrown by a cyclops

Illustrated notes

Levels and vault maps discovered:
D:1:      dpeg_arrival_more_subterranean_lakeside_camping, layout_basic,
          shapermc_ecumenical_altar_rom_forum, minmay_heptomino_l4
D:2:      layout_basic
D:3:      layout_basic, gammafunk_ghost_split, portal_sewer_entry_b,
          uniq_jessica, uniq_natasha
D:4:      layout_loops_ring, minmay_temple_entry_offerings, serial_shops,
          nicolae_take_the_stairs, uniq_robin
D:5:      minmay_octagon_keep, layout_basic
D:6:      layout_gridville, lemuel_mausoleum_altar_kikubaaqudgha,
          mainiacjoe_overflow_chevrons
D:7:      minmay_the_grid_octo_tiled_squarecenter [minmay_the_grid_octo_chip,
          minmay_the_grid_octo_empty, minmay_the_grid_octo_horde,
          minmay_the_grid_octo_thin_diamonds,
          minmay_the_grid_square_5x5_megaprize_checkered,
          minmay_the_grid_square_5x5_shrine1,
          minmay_the_grid_square_5x5_checkered_sparse,
          minmay_the_grid_square_5x5_eight,
          minmay_the_grid_square_5x5_six_small], layout_basic,
          mainiacjoe_overflow_brackets
Temple:   pf_slimified_temple

Skill      XL: |  1  2  3  4  5  6  7  8  9 |
---------------+----------------------------+-----
Spellcasting   | 5 6 |  6.6
Invocations    | 1 2 3 4 |  4.7
Short Blades   | 1 2 3 4 |  4.2
Long Blades    | 1 2 3 4 |  4.2
Axes           | 1 2 3 4 |  4.2
Maces & Flails | 1 2 3 4 |  4.2
Polearms       | 1 2 3 4 |  4.2
Staves         | 1 2 3 4 |  4.2
Slings         | 1 2 3 4 |  4.2
Bows           | 1 2 3 4 |  4.2
Crossbows      | 1 2 3 4 |  4.2
Throwing       | 1 2 3 4 |  4.2
Armour         | 1 2 3 4 |  4.2
Stealth        | 1 2 3 4 |  4.2
Shields        | 1 2 3 4 |  4.2
Evocations     | 1 2 3 4 |  4.2
Conjurations   | 1 2 3 |  3.5
Hexes          | 1 2 3 |  3.5
Summonings     | 1 2 3 |  3.5
Necromancy     | 1 2 3 |  3.5
Translocations | 1 2 3 |  3.5
Fire Magic     | 1 2 3 |  3.5
Ice Magic      | 1 2 3 |  3.5
Air Magic      | 1 2 3 |  3.5
Earth Magic    | 1 2 3 |  3.5
Poison Magic   | 1 2 3 |  3.5
Fighting       | 3 4 5 |  5.0
Transmutations | 4 5 |  5.2
Dodging        | 5 6 |  6.3
Unarmed Combat | 7 |  7.9

Action                   |  1- 3 |  4- 6 |  7- 9 || total
-------------------------+-------+-------+-------++-------
Melee: Unarmed           |    97 |   178 |   325 ||   600
       Headbutt          |     6 |     2 |       ||     8
       Kick              |     8 |     8 |     4 ||    20
       Bite              |     3 |     4 |     6 ||    13
       Punch             |       |       |     5 ||     5
 Cast: Beastly Appendage |    23 |    10 |     1 ||    34
       Wereblood         |     1 |     3 |     1 ||     5
       Spider Form       |       |    13 |    28 ||    41
       Ice Form          |       |       |     1 ||     1
 Abil: End Transformatio |       |     1 |       ||     1
  Use: Potion            |       |     1 |     1 ||     2
       Scroll            |       |       |     6 ||     6
 Stab: Sleeping          |     2 |     3 |     6 ||    11
Armor: Robe              |    26 |    25 |     2 ||    53
       Skin              |       |     7 |    11 ||    18
Dodge: Dodged            |    53 |   173 |   256 ||   482
Block: Other             |       |       |    56 ||    56

Table legend: (Time is in decaauts)
 A = Elapsed time spent in this place.
 B = Non-inter-level travel time spent in this place.
 C = Inter-level travel time spent in this place.
 D = Time resting spent in this place.
 E = Time spent auto-exploring this place.
 F = Levels seen in this place.
 G = Mean time per level.
                   A        B        C        D        E       F      G
               +--------+--------+--------+--------+--------+-----+--------+
         Total |   8986 |   8838 |    148 |   2100 |   4572 |   9 |  998.4 |
       Dungeon |   7668 |   7520 |    148 |   1533 |   4143 |   7 | 1095.4 |
        Temple |    106 |    106 |      0 |      0 |     44 |   1 |  106.0 |
         Sewer |   1211 |   1211 |      0 |    567 |    384 |   1 | 1211.0 |
               +--------+--------+--------+--------+--------+-----+--------+

Top non-repeatable levels by time:
     D:6: 2097 daAuts
     D:3: 1229 daAuts
   Sewer: 1211 daAuts
     D:5: 1096 daAuts
     D:2: 1049 daAuts
     D:4: 970 daAuts
     D:1: 866 daAuts
     D:7: 360 daAuts
  Temple: 106 daAuts
